 Dungeon Crawl Stone Soup version 0.19.0 (webtiles) character file.

478787 PrincessPwny the Conqueror (level 23, -17/240 HPs)
             Began as a Minotaur Chaos Knight on Nov 14, 2016.
             Demolished by an ettin
             ... wielding a cursed -2 dire flail
              (34 damage)
             ... on level 3 of the Depths.
             The game lasted 03:10:21 (53883 turns).

PrincessPwny the Conqueror (Minotaur Chaos Knight) Turns: 53883, Time: 03:10:22

Health: -17/240    AC: 29    Str: 24    XL:     23   Next: 38%
Magic:  30/30      EV: 36    Int: 14    God:    Xom [.....*]
Gold:   4353       SH:  0    Dex: 31    Spells: 0 memorised, 22 levels left

rFire  + . .     SeeInvis .     V - +11 broad axe "Iffegoum" {venom, rPois Int+4}
rCold  + + .     Gourm    .     p - +4 scale mail of Precision Catastrophes {rF+ MR- Dex+8 Slay+3}
rNeg   + + +     Faith    .     (no shield)
rPois  +         Spirit   .     (helmet unavailable)
rElec  +         Reflect  .     q - +2 cloak
rCorr  .         Harm     .     L - +0 pair of gloves "Bip Musuo" {rN+ Dex+2}
MR     ++...                    g - +0 pair of boots of Capp {rF- rN++ Int-3 Dex+8}
Stlth  +++.......               t - amulet "Umiorerph" {+Rage Int+6 Slay+5}
                                U - ring of Izxuloitt {rF+ rC+ AC+6}
                                f - ring of Moguacw {rElec rC+ rN+ MR+}

@: exhausted, slowed, very slow
A: retaliatory headbutt, beak, horns 3, talons 1, repulsion field 1, icy blue
scales 1, blink, dopey 1, high mp 2, magic resistance 1, sense surroundings 2,
poison resistance, wild magic 1, evolution 1
a: Blink, Renounce Religion, Evoke Berserk Rage
}: 3/15 runes: decaying, serpentine, silver


You were on level 3 of the Depths.
You worshipped Xom.
You were Xom's teddy bear.
You were very hungry.

You visited 8 branches of the dungeon, and saw 40 of its levels.
You visited 1 bazaar.
You also visited: Labyrinth, Volcano and Desolation.

You collected 8756 gold pieces.
You spent 4403 gold pieces at shops.

Inventory:

Hand Weapons
 y - a +5 battleaxe of flaming
 V - the +11 broad axe "Iffegoum" (weapon) {venom, rPois Int+4}
   (You acquired it on level 5 of the Vaults)

   It poisons the flesh of those it strikes.
   It affects your intelligence (+4).
   It protects you from poison.
Armour
 g - the +0 pair of boots of Capp (worn) {rF- rN++ Int-3 Dex+8}
   (Xom gifted it to you on level 1 of the Lair of Beasts)

   It affects your intelligence (-3).
   It affects your dexterity (+8).
   It makes you vulnerable to fire.
   It greatly protects you from negative energy.
 p - the +4 scale mail of Precision Catastrophes (worn) {rF+ MR- Dex+8 Slay+3}
   (Xom gifted it to you on level 4 of the Dungeon)

   It affects your dexterity (+8).
   It affects your accuracy and damage with ranged weapons and melee attacks
   (+3).
   It protects you from fire.
   It affects your resistance to hostile enchantments.
 q - a +2 cloak (worn)
 L - the +0 pair of gloves "Bip Musuo" (worn) {rN+ Dex+2}
   (You found it on level 1 of the Swamp)

   It affects your dexterity (+2).
   It protects you from negative energy.
Jewellery
 f - the ring of Moguacw (left hand) {rElec rC+ rN+ MR+}
   (You found it on level 8 of the Dungeon)

   [ring of positive energy]

   It protects you from cold.
   It insulates you from electricity.
   It protects you from negative energy.
   It affects your resistance to hostile enchantments.
 l - the ring "Dudeerux" {rPois Int+4 Slay+1 SInv Stlth-}
   (Xom gifted it to you on level 3 of the Swamp)

   [ring of slaying]

   It affects your intelligence (+4).
   It affects your accuracy and damage with ranged weapons and melee attacks
   (+1).
   It protects you from poison.
   It lets you see invisible.
   It makes you less stealthy.
 r - an uncursed ring of ice
 t - the amulet "Umiorerph" (around neck) {+Rage Int+6 Slay+5}
   (You bought it in a shop on level 1 of the Snake Pit)

   [amulet of rage]

   It affects your intelligence (+6).
   It affects your accuracy and damage with ranged weapons and melee attacks
   (+5).
   It lets you go berserk.
 v - an uncursed ring of fire
 O - an uncursed ring of see invisible
 S - an uncursed ring of flight
 U - the ring of Izxuloitt (right hand) {rF+ rC+ AC+6}
   (You found it on level 1 of the Snake Pit)

   [ring of protection]

   It affects your AC (+6).
   It protects you from fire.
   It protects you from cold.
Wands
 s - a wand of disintegration (16/24)
 I - a wand of heal wounds (9/9)
 M - a wand of teleportation (4/9)
 P - a wand of hasting (5/9)
Scrolls
 b - 10 scrolls of identify {@r1}
 u - 17 scrolls of remove curse {@r2}
 w - 8 scrolls of fog
 A - 4 scrolls of amnesia
 B - 2 scrolls of magic mapping
 F - 13 scrolls of teleportation
 J - 3 scrolls of blinking
 N - 6 scrolls of fear
 Q - 5 scrolls of recharging
 R - 7 scrolls of enchant armour
 Y - a scroll of summoning
Potions
 a - a potion of cancellation
 d - 8 potions of haste
 e - 11 potions of brilliance
 h - 14 potions of heal wounds
 i - 2 potions of lignification
 k - 6 potions of might
 m - 6 potions of ambrosia
 o - 3 potions of agility
 C - 3 potions of cure mutation
 E - 13 potions of curing {@q1}
 G - 2 potions of invisibility
 T - 2 potions of berserk rage
 Z - 4 potions of resistance
Comestibles
 c - 32 bread rations
 n - a slice of pizza
 x - 6 beef jerkies
 K - 36 fruits
 W - 6 meat rations


   Skills:
 O Level 27 Fighting
 - Level 22.3 Axes
 + Level 16.3 Armour
 * Level 23.6 Dodging
 - Level 6.4 Stealth
 + Level 4.8 Evocations


You had 22 spell levels left.
You didn't know any spells.

Dungeon Overview and Level Annotations

Branches:
Dungeon (15/15)            Temple (0/1) D:5            Lair (5/6) D:10
  Swamp (4/4) Lair:3        Snake (4/4) Lair:2          Orc (2/2) D:12
    Elf (2/3) Orc:2        Vaults (5/5) D:14          Crypt (0/3) Vaults:2
 Depths (3/5) D:15
  Slime: Lair:5-6

Altars:
Cheibriados
Fedhas
Gozag
Kikubaaqudgha
Makhleb
Nemelex Xobeh
Okawaru
Sif Muna
Trog
Vehumet
Xom
Yredelemnul
Lugonu

Shops:
D:7 ?   D:8 %   D:13 =   Orc:2 }!*(   Elf:1 :   Elf:2 :   Snake:1 }==
Snake:2 (   Vaults:1 ?   Vaults:3 (%(=   Vaults:4 (   Vaults:5 ?%
Depths:1 *[([*

Portals:
Hell: Depths:1 Depths:2
Abyss: Depths:1 Depths:2
Pandemonium: Depths:1


Innate Abilities, Weirdness & Mutations

You reflexively headbutt those who attack you in melee.
You have a pair of large horns on your head.
You have a beak for a mouth.
You have sharp toenails.
You are surrounded by a mild repulsion field. (EV +2)
You are partially covered in icy blue scales. (AC +2)
You can translocate small distances at will.
You are dopey. (Int -2)
You have a considerably increased reservoir of magic. (+20% MP)
You are resistant to hostile enchantments. (MR+)
You passively map the area around you.
Your system is resistant to poisons. (rPois)
Your spells are a little harder to cast, but a little more powerful.
You evolve.


Message History

The curse toe gestures.
You hit the deep troll earth mage but do no damage.
The deep troll earth mage is poisoned.
You headbutt the deep troll earth mage!
You kill the deep troll earth mage!
You slash the curse toe! You slash the deathcap!
The deathcap releases spores at you!
* * * LOW HITPOINT WARNING * * *
You are engulfed in a cloud of spores!
You completely miss the ettin.
You headbutt the ettin, but do no damage.
You peck the ettin.
The ettin is severely wounded.
You hit the curse toe but do no damage. You hit the deathcap.
The curse toe calls on the powers of darkness!
Your body is wracked with pain!
* * * LOW HITPOINT WARNING * * *
The ettin convulses!
The fire dragon convulses!
The deep troll convulses!
The ettin hits you with a dire flail!!
You die...
Xom cackles wildly!

.., , , * ,,
*** #., ** + ,
. * , * , ,, ,
.# ** *** , , *
.# * , *, ,,, ,
, .# **, * ** ,
, , .# ,,, ,
,** ,, , *.###
*, #######, * *
, ...#,
#fz@ff### ,,
##..##, , *,
##C###..## * ,
#....# *
#.DZ.Z###.## *
#'####,*
#†.)T.C.###.# *
, ....##,*,
#...>..C#,#.#,
, .....#,
.'..>.>..+,#.#
, *, ##.#.#
#$#...>...#
#.#, ≈#.#.#
###.....}.#,#.#
* ,, ≈#.#.#,
,*##.....## #.#
*


You could see a curse toe, a fire dragon, an ettin, a deep troll, a deathcap, 2
wandering mushrooms and an ettin skeleton.

Vanquished Creatures
  2 ancient liches (Vaults:5)
  Frederick (Vaults:2)
  Margery (Vaults:2)
  Xtahua (Vaults:5)
  3 golden dragons
  Nikola (Swamp:2)
  Jorgrun (Swamp:4)
  5 tentacled monstrosities
  A lich (Vaults:5)
  A deep elf blademaster (Elf:2)
  A quicksilver dragon (Vaults:5)
  3 titans (Vaults:5)
  3 sphinxes (Vaults:5)
  3 thorn hunters (Swamp:4)
  3 tengu reavers
  10 storm dragons
  5 shadow dragons (Vaults:5)
  6 nagarajas
  Roxanne (Snake:1)
  4 fire giants
  5 frost giants
  A balrug (Depths:1)
  2 deep elf sorcerers
  An imperial myrmidon (Desolation)
  An iron dragon (Vaults:5)
  Aizul (Snake:4)
  12 vault wardens
  13 very ugly things
  3 war gargoyles (Vaults:5)
  11 ironheart preservers
  3 entropy weavers
  18 stone giants
  3 deep elf demonologists
  3 deep elf annihilators
  3 spark wasps (Depths:1)
  A dire elephant (shapeshifter) (Vaults:5)
  10 ettins
  4 deep elf death magi
  A minotaur (Lab)
  19 yaktaur captains
  3 ragged hierophants (Desolation)
  A deep elf high priest (Vaults:5)
  A merfolk impaler (Depths:1)
  2 fire dragons
  A jiangshi (Depths:3)
  6 great orbs of eyes
  15 ogre magi
  2 servants of whispers (Desolation)
  16 naga warriors
  5 ice dragons
  2 rakshasas
  2 spriggan air magi (Depths:3)
  17 hydras
  34 vault guards
  3 ghost crabs
  3 anacondas (shapeshifter)
  21 dancing weapons
  11 anacondas
  12 centaur warriors
  11 alligators
  5 death yaks
  6 deep troll earth magi
  6 deep troll shamans
  A vampire mage (Depths:3)
  A tengu warrior (Depths:1)
  3 orc high priests (Orc:2)
  8 shock serpents
  3 hell knights (Vaults:2)
  A storm dragon zombie (Vaults:5)
  16 naga sharpshooters
  Sonja (D:13)
  3 sun demons
  18 deep elf knights
  A spriggan berserker (Depths:3)
  A small abomination (Vaults:2)
  A shadow wraith (Vaults:1)
  4 unseen horrors
  A sea snake (shapeshifter) (Vaults:5)
  4 salamander mystics
  4 iron trolls (Depths:2)
  A sixfirhy (Depths:2)
  An unseen horror (shapeshifter) (Vaults:3)
  12 deep trolls
  3 shambling mangroves
  14 swamp dragons
  2 sea snakes (Snake:3)
  2 glowing orange brains
  3 flayed ghosts
  13 naga ritualists
  7 wizards
  11 deep elf archers
  7 hill giants
  A wolf spider zombie (D:15)
  Pikel (D:9)
  8 harpies (Vaults:4)
  15 ironbrand convokers
  4 phantasmal warriors
  10 mana vipers
  61 deep elf magi
  8 necromancers
  A wolf spider (Vaults:4)
  An orb spider (shapeshifter) (Vaults:3)
  18 orc knights
  4 orc sorcerers
  8 cyclopes
  33 ugly things
  3 manticores
  A manticore (shapeshifter) (Vaults:5)
  5 toenail golems (Volcano)
  A spriggan zombie (Depths:3)
  19 salamanders
  27 naga magi
  11 vault sentinels
  4 elephants (Lair:5)
  A fire giant skeleton (Vaults:2)
  42 black mambas
  An eye of devastation (shapeshifter) (Vaults:5)
  4 centaur zombies
  A torpor snail (Lair:2)
  11 spiny frogs
  7 guardian serpents
  A spiny frog (shapeshifter) (Elf:2)
  2 yaktaur zombies
  A kobold demonologist (D:14)
  12 komodo dragons
  7 freezing wraiths
  38 yaktaurs
  A hellwing (Depths:2)
  A merfolk (D:12)
  3 tengu conjurers (Depths:1)
  A red devil (Depths:2)
  11 trolls
  3 polar bears (Lair:4)
  19 hornets
  2 hornets (shapeshifter)
  5 tyrant leeches
  A troll (shapeshifter) (Vaults:1)
  Prince Ribbit (D:5)
  A jumping spider (Vaults:4)
  14 blink frogs
  39 slime creatures
  23 two-headed ogres
  4 raiju
  6 saltlings (Desolation)
  A raiju (shapeshifter) (Vaults:2)
  7 hippogriffs
  2 ettin zombies
  A stone giant simulacrum (Vaults:2)
  A frost giant simulacrum (Vaults:2)
  11 bog bodies
  A fire giant simulacrum (Vaults:1)
  A meliai zombie (D:14)
  A spriggan (shapeshifter) (D:14)
  4 shadows
  7 spriggans
  4 tarantellas (shapeshifter)
  8 air elementals
  An ettin skeleton (Vaults:1)
  5 redbacks
  34 yaks
  11 water elementals
  4 wyverns
  A human (Snake:2)
  A vampire (D:10)
  A fire elemental (Elf:1)
  A wraith (D:12)
  9 hungry ghosts
  2 basilisks
  24 vampire mosquitoes
  An elf skeleton (Vaults:5)
  2 mottled dragons
  9 insubstantial wisps
  2 soldier ants
  25 swamp worms
  12 wargs
  77 nagas
  7 water moccasins
  12 porcupines
  12 swamp drakes
  2 ice beasts
  35 orc warriors
  A black bear (Lair:4)
  3 necrophages
  3 human zombies
  51 ogres
  An eye of draining (Lair:3)
  An ice beast (shapeshifter) (Vaults:3)
  An eye of draining (shapeshifter) (Vaults:2)
  14 wolves
  8 boggarts
  A wolf (shapeshifter) (D:14)
  A centaur (shapeshifter) (Vaults:4)
  19 centaurs
  10 crocodiles
  4 big kobolds
  11 bullfrogs
  An earth elemental (Elf:1)
  2 wyvern skeletons
  3 scorpions
  15 killer bees
  8 wights
  3 howler monkeys
  2 electric eels (D:14)
  8 crimson imps
  A bullfrog zombie (D:12)
  6 hounds
  4 jellies
  A quasit (D:10)
  2 bullfrog skeletons
  17 orc priests
  31 orc wizards
  4 centaur skeletons
  4 iguanas
  Ijyb (D:2)
  7 worker ants
  2 killer bee zombies
  2 hound zombies
  2 howler monkey skeletons
  11 adders
  7 gnolls
  7 shadow imps
  2 oozes
  4 worms
  2 dart slugs (D:1)
  6 leopard geckos
  83 orcs
  7 giant cockroaches
  7 goblins
  10 hobgoblins
  10 jackals
  4 quokkas
  11 bats
  7 frilled lizards
  A jackal skeleton (D:4)
  14 kobolds
  2 leopard gecko skeletons
  3 leopard gecko zombies
  A quokka zombie (D:6)
  8 rats
  8 briar patches (Swamp:4)
  A butterfly (Lair:1)
  3 crawling corpses
  2 fire vortices (D:10)
  A fungus (Lair:3)
  3 pillars of salt (Vaults:3)
  9 plants
1838 creatures vanquished.

Vanquished Creatures (collateral kills)
  A very ugly thing (Vaults:2)
  An ironheart preserver (Vaults:4)
  A hydra (Lair:5)
  A great orb of eyes (Vaults:5)
  Urug (Lair:4)
  An ironbrand convoker (Vaults:5)
  A vault sentinel (Vaults:5)
  2 hornets
  2 spriggans (Swamp:1)
  A vampire mosquito (Swamp:2)
  A black bear (Lair:5)
  2 crocodiles
  A scorpion (D:4)
16 creatures vanquished.

Vanquished Creatures (others)
  A deep elf sorcerer (Vaults:4)
  A vault warden (Vaults:5)
  A jiangshi (Depths:3)
  A deep elf death mage (Depths:3)
  A vault guard (Vaults:5)
  2 dancing weapons (Vaults:5)
  A deep troll shaman (Depths:3)
  A shock serpent (Snake:1)
  A spriggan druid (Swamp:4)
  An orc sorcerer (Orc:2)
  A black mamba (Snake:1)
  A raiju (shapeshifter) (Depths:3)
  2 spriggans (Swamp:4)
  4 slaves (D:9)
  A bullfrog skeleton (D:9)
  An orc (Orc:2)
  A fungus (Lair:1)
  A plant (Snake:3)
23 creatures vanquished.

Grand Total: 1877 creatures vanquished

Notes
Turn   | Place    | Note
-------+----------+-------------------------------------------
     0 | D:1      | PrincessPwny the Minotaur Chaos Knight began the quest for the Orb.
     0 | D:1      | Reached XP level 1. HP: 19/19 MP: 0/0
    96 | D:1      | Reached XP level 2. HP: 17/26 MP: 1/1
   280 | D:1      | XOM: smoke on damage
   341 | D:1      | XOM: mild Chrm miscast
   620 | D:1      | XOM: divination: detect items
   640 | D:1      | XOM: silly message
   662 | D:1      | Reached skill level 5 in Axes
   784 | D:1      | Reached XP level 3. HP: 24/31 MP: 2/2
   930 | D:1      | XOM: divination: detect items
  1318 | D:1      | XOM: divination: magic mapping
  1397 | D:2      | Found a sparkling altar of Nemelex Xobeh.
  1488 | D:2      | XOM: divination: magic mapping
  1571 | D:2      | Found an iron altar of Okawaru.
  1620 | D:2      | XOM: divination: magic mapping
  1715 | D:2      | Noticed Ijyb
  1726 | D:2      | Killed Ijyb
  1726 | D:2      | Reached XP level 4. HP: 38/39 MP: 3/3
  1858 | D:2      | XOM: divination: magic mapping
  1873 | D:2      | XOM: harmless Conj miscast
  2333 | D:3      | Reached XP level 5. HP: 45/45 MP: 4/4
  2553 | D:3      | XOM: divination: detect creatures
  2570 | D:3      | XOM: enchant monster (bad)
  2617 | D:3      | XOM: divination: detect items
  2891 | D:3      | XOM: cloud trail
  2900 | D:3      | Reached XP level 6. HP: 51/51 MP: 5/5
  2922 | D:3      | XOM: divination: detect creatures
  2942 | D:3      | XOM: god gift: bubbling blue potion {god gift}
  3227 | D:4      | Found a deep blue altar of Sif Muna.
  3230 | D:4      | Found an opulent altar of Gozag.
  3233 | D:4      | Found a burning altar of Makhleb.
  3507 | D:4      | XOM: summons 2 friendly demons
  3528 | D:4      | XOM: god gift: brightly glowing scale mail {god gift}
  3531 | D:4      | Got a brightly glowing scale mail {god gift}
  3615 | D:4      | Identified the +4 scale mail of Precision Catastrophes {rF+ MR- Dex+8 Slay+3} (Xom gifted it to you on level 4 of the Dungeon)
  3850 | D:5      | Entered Level 5 of the Dungeon
  4010 | D:5      | Noticed an ice beast
  4010 | D:5      | XOM: fog
  4017 | D:5      | Killed an ice beast
  4017 | D:5      | Reached XP level 7. HP: 41/57 MP: 6/6
  4209 | D:5      | XOM: give mutations
  4209 | D:5      | Gained mutation: You are clumsy. (Dex -2) [Xom's mischief]
  4209 | D:5      | Gained mutation: Your flesh is heat resistant. (rF+) [Xom's mischief]
  4231 | D:5      | XOM: noise
  4232 | D:5      | Reached skill level 10 in Axes
  4255 | D:5      | XOM: harmless Hex miscast
  4308 | D:5      | XOM is BORED!
  4308 | D:5      | XOM: 7-stop teleportation journey
  4344 | D:5      | Noticed Prince Ribbit
  4346 | D:5      | XOM: swap monsters
  4348 | D:5      | XOM: harmless Tloc miscast
  4353 | D:5      | Killed Prince Ribbit
  4441 | D:5      | XOM: medium Hex miscast
  4649 | D:5      | XOM: give mutations
  4649 | D:5      | Gained mutation: You are partially covered in rugged brown scales. (AC +1, +3% HP) [Xom's mischief]
  4649 | D:5      | Lost mutation: You are partially covered in rugged brown scales. (AC +1, +3% HP) [Xom's mischief]
  4740 | D:5      | Found a staircase to the Ecumenical Temple.
  4846 | D:6      | Reached XP level 8. HP: 64/64 MP: 7/7
  4872 | D:6      | XOM: summons 1 hostile demon
  4873 | D:6      | Noticed a hellwing
  5014 | D:6      | XOM: silly message
  5147 | D:6      | XOM: chaos cloud
  5150 | D:6      | XOM: 1-stop teleportation journey
  5155 | D:6      | XOM: give mutations
  5155 | D:6      | Gained mutation: You are very clumsy. (Dex -4) [Xom's mischief]
  5155 | D:6      | Gained mutation: Your body sometimes deteriorates upon taking damage. [Xom's mischief]
  5155 | D:6      | Lost mutation: Your body sometimes deteriorates upon taking damage. [Xom's mischief]
  5177 | D:6      | XOM: 1-stop teleportation journey
  5298 | D:6      | XOM: give mutations
  5298 | D:6      | Gained mutation: Your movements are slightly less encumbered by armour. (ER -2) [Xom's mischief]
  5298 | D:6      | Gained mutation: You are frail. (-10% HP) [Xom's mischief]
  5298 | D:6      | Gained mutation: You are dopey. (Int -2) [Xom's mischief]
  5298 | D:6      | Gained mutation: You are very frail. (-20% HP) [Xom's mischief]
  5425 | D:6      | XOM: noise
  5472 | D:6      | XOM: mild Ice miscast
  5637 | D:6      | XOM: mild Necr miscast
  5822 | D:7      | Found a shimmering altar of Xom.
  5822 | D:7      | Found a shimmering altar of Xom.
  5833 | D:7      | Found a shimmering altar of Xom.
  5850 | D:7      | XOM: potion effect (invisibility)
  5890 | D:7      | XOM: 1-stop teleportation journey
  5897 | D:7      | XOM: stat loss: -1 Int (6/7)
  5898 | D:7      | XOM: swap monsters
  5922 | D:7      | Found Ywioxu's Magic Scroll Boutique.
  5925 | D:7      | Bought a scroll of identify for 22 gold pieces
  5925 | D:7      | Bought a scroll of identify for 22 gold pieces
  5925 | D:7      | Bought a scroll of identify for 22 gold pieces
  5936 | D:7      | Reached XP level 9. HP: 34/56 MP: 8/8
  6063 | D:7      | XOM: give mutations
  6063 | D:7      | Lost mutation: You are dopey. (Int -2) [Xom's mischief]
  6063 | D:7      | Gained mutation: You are extremely frail. (-30% HP) [Xom's mischief]
  6085 | D:7      | Found a shimmering altar of Xom.
  6118 | D:7      | Found a shimmering altar of Xom.
  6252 | D:7      | XOM: mild Ice miscast
  6256 | D:7      | Found an ancient bone altar of Kikubaaqudgha.
  6257 | D:7      | Found a blossoming altar of Fedhas.
  6274 | D:7      | Lost mutation: You are extremely frail. (-30% HP) [potion of cure mutation]
  6274 | D:7      | Lost mutation: You are very frail. (-20% HP) [potion of cure mutation]
  6274 | D:7      | Lost mutation: You are very clumsy. (Dex -4) [potion of cure mutation]
  6274 | D:7      | Lost mutation: Your movements are slightly less encumbered by armour. (ER -2) [potion of cure mutation]
  6366 | D:7      | XOM: draining
  6367 | D:7      | XOM: harmless Summ miscast
  6378 | D:7      | Reached skill level 4 in Fighting
  6402 | D:7      | XOM: harmless Hex miscast
  6485 | D:7      | XOM: mild Necr miscast
  6557 | D:7      | XOM: cloud trail
  6625 | D:7      | XOM: scenery: 1 doors close
  6646 | D:7      | XOM: harmless Conj miscast
  6712 | D:7      | XOM: harmless Summ miscast
  6877 | D:8      | XOM: god gift: 15 stones
  6880 | D:8      | XOM: cast spell 'Summon Butterflies'
  6904 | D:8      | XOM: scenery: create altars
  6973 | D:8      | XOM: polymorph bullfrog -> wyvern
  7085 | D:8      | XOM: give mutations
  7085 | D:8      | Gained mutation: You are partially covered in icy blue scales. (AC +2) [Xom's grace]
  7085 | D:8      | Gained mutation: Your muscles are strong. (Str +2) [Xom's grace]
  7085 | D:8      | Gained mutation: Your spells are a little harder to cast, but a little more powerful. [Xom's grace]
  7085 | D:8      | Gained mutation: You have sharp toenails. [Xom's grace]
  7103 | D:8      | Found Cucil's Food Shoppe.
  7107 | D:8      | Got an ancient pewter ring
  7108 | D:8      | Identified the ring of Moguacw {rElec rC+ rN+ MR+} (You found it on level 8 of the Dungeon)
  7229 | D:8      | Reached skill level 5 in Fighting
  7556 | D:8      | Found a bloodstained altar of Trog.
  7666 | D:8      | XOM: scenery: create altars
  7727 | D:9      | Noticed Pikel
  7736 | D:9      | XOM: god gift: tapered copper wand {god gift}
  7738 | D:9      | Killed Pikel
  7738 | D:9      | Reached skill level 6 in Fighting
  7741 | D:9      | XOM: cleaving
  7816 | D:9      | Found a burning altar of Makhleb.
  7833 | D:9      | XOM: divination: detect items
  7864 | D:9      | Noticed a deep elf mage
  7891 | D:9      | Killed a deep elf mage
  7891 | D:9      | Reached skill level 7 in Fighting
  7891 | D:9      | Reached skill level 5 in Armour
  8044 | D:9      | XOM: divination: detect creatures
  8063 | D:9      | XOM: god gift: 1690 gold pieces
  8146 | D:9      | Reached XP level 10. HP: 76/76 MP: 9/9
  8525 | D:9      | XOM: cleaving
  8534 | D:9      | Reached skill level 8 in Fighting
  8672 | D:9      | XOM: fake destruction
  8734 | D:9      | XOM is BORED!
  8734 | D:9      | XOM: summons 2 hostile demons
  8747 | D:9      | XOM: harmless Tmut miscast
  8771 | D:9      | XOM: 1-stop teleportation journey
  8835 | D:9      | XOM: god gift: glowing arbalest {god gift}
  8879 | D:10     | Entered Level 10 of the Dungeon
  8900 | D:10     | Reached skill level 5 in Dodging
  8904 | D:10     | XOM: polymorph yak -> raiju
  8906 | D:10     | Reached skill level 9 in Fighting
  8914 | D:10     | XOM: 4-stop teleportation journey
  8944 | D:10     | XOM: 1-stop teleportation journey
  9063 | D:10     | XOM: mild Fire miscast
  9185 | D:10     | XOM: silly message
  9273 | D:10     | XOM: harmless Conj miscast
  9445 | D:10     | XOM: polymorph shadow imp -> quasit
  9476 | D:10     | XOM: medium Necr miscast
  9586 | D:10     | Reached skill level 10 in Fighting
  9708 | D:10     | XOM: divination: detect items
  9711 | D:10     | XOM: noise
  9835 | D:10     | Found a staircase to the Lair.
  9857 | D:10     | XOM: noise
  9958 | D:10     | XOM: divination: magic mapping
  9980 | D:10     | XOM: mild Conj miscast
 10074 | D:10     | XOM: cloud trail
 10259 | D:10     | XOM: medium Pois miscast
 10304 | D:11     | Noticed a hill giant
 10310 | D:11     | XOM: enchant monster (good)
 10314 | D:11     | Killed a hill giant
 10421 | D:11     | XOM: 1-stop teleportation journey
 10425 | D:11     | Noticed a six-headed hydra
 10431 | D:11     | Reached XP level 11. HP: 65/89 MP: 10/10
 10439 | D:11     | XOM: silly message
 10440 | D:11     | XOM: harmless Tmut miscast
 10443 | D:11     | XOM: summons 2 hostile shadow creatures
 10446 | D:11     | XOM: blink monster(s)
 10455 | D:11     | XOM: mild Conj miscast
 10456 | D:11     | XOM: summons 2 hostile shadow creatures
 10457 | D:11     | Noticed a brown ugly thing
 10459 | D:11     | Killed a ten-headed hydra
 10459 | D:11     | Reached skill level 11 in Fighting
 10605 | D:11     | XOM: scenery: create altars
 10834 | D:11     | XOM: cloud trail
 10851 | D:11     | XOM: cleaving
 10854 | D:11     | XOM: confuse monster(s)
 11124 | D:11     | Noticed a purple ugly thing
 11134 | D:11     | Killed a purple ugly thing
 11159 | D:11     | XOM: cloud trail
 11243 | D:11     | Gained mutation: You have a pair of large horns on your head. [potion of beneficial mutation]
 11345 | D:11     | XOM: god gift: smoking crystal plate armour {god gift}
 11351 | D:11     | Reached skill level 12 in Fighting
 11353 | D:11     | Got a smoking crystal plate armour {god gift}
 11364 | D:11     | Identified the +1 crystal plate armour of Xom's Recklessness {*Slow rElec Int+4 SInv} (Xom gifted it to you on level 11 of the Dungeon)
 11494 | Lair:1   | Entered Level 1 of the Lair of Beasts
 11498 | Lair:1   | XOM: 1-stop teleportation journey
 11503 | Lair:1   | XOM: 2-stop teleportation journey
 11508 | Lair:1   | XOM: god gift: phantom mirror
 11514 | Lair:1   | Noticed a seven-headed hydra
 11514 | Lair:1   | XOM: summons friendly crimson imp
 11525 | Lair:1   | XOM: potion effect (berserk rage)
 11529 | Lair:1   | Killed a 16-headed hydra
 11567 | Lair:1   | XOM: give mutations
 11567 | Lair:1   | Lost mutation: You are clumsy. (Dex -2) [Xom's mischief]
 11567 | Lair:1   | Lost mutation: Your spells are a little harder to cast, but a little more powerful. [Xom's mischief]
 11567 | Lair:1   | Gained mutation: You are clumsy. (Dex -2) [Xom's mischief]
 11567 | Lair:1   | Lost mutation: You are frail. (-10% HP) [Xom's mischief]
 11621 | Lair:1   | XOM: summons 3 hostile demons
 11808 | Lair:1   | XOM: mild Pois miscast
 11997 | Lair:1   | XOM: give mutations
 11997 | Lair:1   | Lost mutation: You are clumsy. (Dex -2) [Xom's mischief]
 11997 | Lair:1   | Gained mutation: Your muscles are very strong. (Str +4) [Xom's mischief]
 11997 | Lair:1   | Gained mutation: You are frail. (-10% HP) [Xom's mischief]
 11997 | Lair:1   | Lost mutation: Your muscles are very strong. (Str +4) [Xom's mischief]
 12016 | Lair:1   | XOM: silly message
 12309 | Lair:1   | Reached skill level 13 in Fighting
 12312 | Lair:1   | XOM: summons 4 friendly demons
 12313 | Lair:1   | XOM: fog
 12559 | Lair:1   | XOM: give mutations
 12559 | Lair:1   | Gained mutation: You are surrounded by a mild repulsion field. (EV +2) [Xom's grace]
 12559 | Lair:1   | Lost mutation: You are frail. (-10% HP) [Xom's grace]
 12559 | Lair:1   | Gained mutation: You have a beak for a mouth. [Xom's grace]
 12673 | Lair:1   | XOM: god gift: pair of heavily runed boots {god gift}
 12674 | Lair:1   | Got a pair of heavily runed boots {god gift}
 12685 | Lair:1   | Identified the cursed +0 pair of boots of Capp {rF- rN++ Int-3 Dex+8} (Xom gifted it to you on level 1 of the Lair of Beasts)
 12955 | Lair:1   | XOM: summons 1 hostile shadow creature
 12966 | Lair:1   | XOM: mild Divn miscast
 12993 | Lair:1   | Reached XP level 12. HP: 114/114 MP: 11/11
 13212 | Lair:2   | XOM: harmless Conj miscast
 13218 | Lair:2   | Found a staircase to the Snake Pit.
 13650 | Lair:2   | XOM: summons 1 hostile shadow creature
 13686 | Lair:2   | XOM: swap monsters
 13803 | Lair:2   | XOM: severe Conj miscast
 13811 | Lair:2   | XOM: scenery: create altars
 14241 | Lair:2   | XOM: summons 6 hostile demons
 14268 | Lair:2   | XOM: god gift: potion of curing
 14515 | Lair:3   | XOM: 1-stop teleportation journey
 14578 | Lair:3   | Noticed a six-headed hydra
 14583 | Lair:3   | Killed an 11-headed hydra
 14583 | Lair:3   | Reached skill level 10 in Armour
 14637 | Lair:3   | Found a staircase to the Swamp.
 14644 | Lair:3   | XOM: give mutations
 14644 | Lair:3   | Gained mutation: You have razor-sharp toenails. [Xom's grace]
 14644 | Lair:3   | Gained mutation: You can translocate small distances at will. [Xom's grace]
 14762 | Lair:3   | Reached skill level 1 in Stealth
 14765 | Lair:3   | Reached skill level 10 in Dodging
 14766 | Lair:3   | XOM: polymorph komodo dragon -> eye of draining
 14807 | Lair:3   | Reached skill level 14 in Fighting
 15006 | Lair:3   | XOM: scenery: create altars
 15051 | Lair:3   | XOM: scenery: create altars
 15230 | Lair:3   | XOM: harmless Divn miscast
 15301 | Lair:3   | XOM: scenery: create altars
 15479 | Lair:4   | Noticed a death yak
 15498 | Lair:4   | Killed a death yak
 15581 | Lair:4   | Noticed Urug
 15590 | Lair:4   | Killed Urug
 15894 | Lair:4   | Reached XP level 13. HP: 117/124 MP: 12/12
 16186 | Lair:4   | XOM: potion effect (agility)
 16190 | Lair:4   | XOM: cast spell 'Confusing Touch'
 16193 | Lair:4   | XOM: cast spell 'Ring of Flames'
 16282 | Lair:4   | XOM is BORED!
 16282 | Lair:4   | XOM: medium Necr miscast
 16351 | Lair:4   | XOM: confuse monster(s)
 16620 | Lair:5   | XOM: cleaving
 16660 | Lair:5   | XOM: harmless Tmut miscast
 16662 | Lair:5   | XOM: noise
 16664 | Lair:5   | XOM: cast spell 'Monstrous Menagerie'
 16667 | Lair:5   | Reached skill level 15 in Axes
 16740 | Lair:5   | Found a dark tunnel.
 16742 | Lair:5   | XOM: cast spell 'Shadow Creatures'
 16749 | Volcano  | Entered a volcano
 16756 | Volcano  | XOM: mild Conj miscast
 16845 | Volcano  | XOM: divination: magic mapping
 16899 | Volcano  | XOM: 3-stop teleportation journey
 16975 | Volcano  | XOM: scenery: 1 doors close
 16979 | Volcano  | XOM: noise
 17239 | Lair:5   | Gained mutation: Your spells are a little harder to cast, but a little more powerful. [potion of beneficial mutation]
 17273 | Lair:5   | XOM: summons 10 friendly demons
 17274 | Lair:5   | Noticed a storm dragon
 17274 | Lair:5   | a death yak changed into a storm dragon
 17274 | Lair:5   | XOM: polymorph death yak -> storm dragon
 17287 | Lair:5   | XOM: fog
 17289 | Lair:5   | Killed a storm dragon
 17473 | Lair:5   | XOM: enchant monster (good)
 17474 | Lair:5   | Reached skill level 15 in Fighting
 17550 | Lair:5   | XOM: god gift: pair of gloves {god gift}
 17595 | Lair:5   | XOM: give mutations
 17595 | Lair:5   | Gained mutation: You are robust. (+10% HP) [Xom's grace]
 17595 | Lair:5   | Gained mutation: You evolve. [Xom's grace]
 17661 | Lair:5   | XOM: divination: detect creatures
 17674 | Lair:5   | XOM: give mutation
 17674 | Lair:5   | Gained mutation: You rapidly evolve. [Xom's grace]
 17795 | Lair:4   | XOM: give mutations
 17795 | Lair:4   | Gained mutation: You passively map a small area around you. [Xom's grace]
 17795 | Lair:4   | Gained mutation: You are resistant to hostile enchantments. (MR+) [Xom's grace]
 17858 | Lair:1   | XOM: god gift: 12 sling bullets
 17944 | D:12     | Reached XP level 14. HP: 138/147 MP: 13/13
 17949 | D:12     | Reached skill level 5 in Stealth
 18027 | D:12     | XOM: god gift: book of Cantrips
 18048 | D:12     | Lost mutation: Your spells are a little harder to cast, but a little more powerful. [evolution]
 18151 | D:12     | Found a staircase to the Orcish Mines.
 18284 | D:12     | XOM: give mutation
 18284 | D:12     | Gained mutation: You have supernaturally acute eyesight. (SInv) [Xom's grace]
 18500 | D:12     | XOM: scenery: create altars
 18546 | D:12     | XOM is BORED!
 18546 | D:12     | XOM: noise
 18582 | Orc:1    | Entered Level 1 of the Orcish Mines
 18740 | Orc:1    | XOM: scenery: create altars
 18878 | Orc:1    | XOM: give mutation
 18878 | Orc:1    | Gained mutation: You are partially covered in iridescent scales. (AC +2) [Xom's grace]
 18941 | Orc:1    | XOM: 2-stop teleportation journey
 19101 | Orc:2    | Entered Level 2 of the Orcish Mines
 19139 | Orc:2    | Found a staircase to the Elven Halls.
 19174 | Orc:2    | XOM: scenery: create altars
 19252 | Orc:2    | XOM is BORED!
 19252 | Orc:2    | XOM: give mutations
 19252 | Orc:2    | Lost mutation: Your flesh is heat resistant. (rF+) [Xom's mischief]
 19252 | Orc:2    | Lost mutation: You have supernaturally acute eyesight. (SInv) [Xom's mischief]
 19262 | Orc:2    | Noticed a stone giant
 19273 | Orc:2    | Killed a stone giant
 19514 | Orc:2    | XOM: 1-stop teleportation journey
 19644 | Orc:2    | XOM: summons 5 friendly demons
 19853 | Orc:2    | XOM: god gift: 16 gold pieces
 19911 | Orc:2    | XOM: enchant monster (good)
 19913 | Orc:2    | XOM: confuse monster(s)
 19929 | Orc:2    | Found Betrut's Gadget Shop.
 19929 | Orc:2    | Found Bidi's Weapon Shoppe.
 19931 | Orc:2    | Found Deiwamei's Distillery.
 19931 | Orc:2    | Found Fyenly's Assorted Antiques.
 20059 | Orc:2    | Bought a scroll of enchant armour for 210 gold pieces
 20059 | Orc:2    | Bought a scroll of identify for 56 gold pieces
 20060 | Orc:2    | Bought a potion of haste for 120 gold pieces
 20060 | Orc:2    | Bought a potion of might for 48 gold pieces
 20060 | Orc:2    | Bought a potion of haste for 120 gold pieces
 20445 | Elf:1    | Entered Level 1 of the Elven Halls
 20530 | Elf:1    | XOM: cast spell 'Summon Hydra'
 20532 | Elf:1    | XOM: noise
 20559 | Elf:1    | XOM: enchant monster (bad)
 20581 | Elf:1    | XOM: noise
 20747 | Elf:1    | Found a radiant altar of Vehumet.
 20796 | Elf:1    | XOM: 1-stop teleportation journey
 20797 | Elf:1    | XOM: blink monster(s)
 20886 | Elf:1    | XOM: swap monsters
 20998 | Elf:1    | Lost mutation: You rapidly evolve. [evolution]
 21036 | Elf:1    | Noticed a deep elf sorcerer
 21053 | Elf:1    | Killed a deep elf sorcerer
 21054 | Elf:1    | Reached XP level 15. HP: 140/156 MP: 14/14
 21166 | Elf:1    | XOM: mild Pois miscast
 21194 | Elf:1    | Found Oluowk's Book Shop.
 21234 | Elf:1    | XOM: cast spell 'Summon Butterflies'
 21390 | Elf:1    | XOM: cast spell 'Alistair's Intoxication'
 21856 | Elf:2    | XOM: enchant monster (good)
 21858 | Elf:2    | Reached skill level 16 in Fighting
 21885 | Elf:2    | XOM: fog
 21886 | Elf:2    | XOM: potion effect (heal wounds)
 21887 | Elf:2    | Noticed a Hell Sentinel
 21903 | Elf:2    | XOM: divination: magic mapping
 21996 | Elf:2    | XOM: fog
 22009 | Elf:2    | XOM: god gift: 2 potions of resistance
 22010 | Elf:2    | XOM: 2-stop teleportation journey
 22015 | Elf:2    | XOM: cleaving
 22030 | Elf:2    | XOM: scenery: 1 doors close
 22066 | Elf:2    | XOM: scenery: 1 doors close
 22117 | Elf:2    | XOM: summons friendly crimson imp
 22120 | Elf:2    | XOM: fog
 22142 | Elf:2    | XOM: summons friendly quasit
 22353 | Elf:2    | Found a runed gate.
 22354 | Elf:2    | Found a runed gate.
 22355 | Elf:2    | Found a runed gate.
 22380 | Elf:2    | Found Vuarchido's Book Shop.
 22415 | Elf:2    | XOM: enchant monster (bad)
 22564 | Elf:2    | Noticed a deep elf blademaster
 22567 | Elf:2    | XOM: confusion (+ monsters)
 22591 | Elf:2    | XOM: chaos upgrade
 22593 | Elf:2    | XOM: confuse monster(s)
 22602 | Elf:2    | Killed a deep elf blademaster
 22725 | Elf:2    | XOM: give mutations
 22725 | Elf:2    | Lost mutation: Your muscles are strong. (Str +2) [Xom's mischief]
 22725 | Elf:2    | Lost mutation: You are robust. (+10% HP) [Xom's mischief]
 22725 | Elf:2    | Gained mutation: You occasionally shout uncontrollably at your foes. [Xom's mischief]
 22730 | Elf:2    | Lost mutation: You have a pair of large horns on your head. [potion of cure mutation]
 22730 | Elf:2    | Lost mutation: You occasionally shout uncontrollably at your foes. [potion of cure mutation]
 22756 | Elf:2    | XOM: blink monster(s)
 22784 | Elf:2    | XOM: noise
 23022 | Elf:2    | XOM: swap monsters
 23042 | Elf:2    | XOM: fog
 23044 | Elf:2    | XOM: confuse monster(s)
 23269 | Elf:2    | XOM: 3-stop teleportation journey
 23282 | Elf:2    | XOM: cast spell 'Summon Butterflies'
 23354 | Elf:2    | XOM: polymorph deep elf mage -> swamp worm
 23367 | Elf:2    | XOM: scenery: create altars
 23378 | Elf:2    | XOM: swap monsters
 23535 | Elf:1    | XOM: polymorph deep elf archer -> swamp worm
 23539 | Elf:1    | XOM: blink monster(s)
 23808 | Elf:1    | Gained mutation: Your spells are a little harder to cast, but a little more powerful. [evolution]
 23813 | Orc:2    | XOM: harmless Necr miscast
 23990 | Swamp:1  | Entered Level 1 of the Swamp
 24007 | Swamp:1  | XOM: mild Tmut miscast
 24063 | Swamp:1  | Got a pair of translucent gloves
 24074 | Swamp:1  | Identified the cursed +0 pair of gloves "Bip Musuo" {rN+ Dex+2} (You found it on level 1 of the Swamp)
 24163 | Swamp:1  | XOM: divination: magic mapping
 24217 | Swamp:1  | XOM: noise
 24299 | Swamp:1  | XOM: confuse monster(s)
 24394 | Swamp:1  | XOM: divination: detect items
 24420 | Swamp:1  | Reached XP level 16. HP: 128/152 MP: 15/15
 24525 | Swamp:1  | XOM: enchant monster (bad)
 24585 | Swamp:1  | XOM: confuse monster(s)
 24724 | Swamp:1  | XOM: medium Ice miscast
 24971 | Swamp:2  | XOM: god gift: robe {god gift}
 25011 | Swamp:2  | Noticed Nikola
 25028 | Swamp:2  | XOM: enchant monster (good)
 25056 | Swamp:2  | Killed Nikola
 25280 | Swamp:2  | XOM: mild Chrm miscast
 25295 | Swamp:2  | XOM: enchant monster (good)
 25793 | Swamp:3  | XOM: blink monster(s)
 26030 | Swamp:3  | XOM: god gift: translucent copper ring {god gift}
 26033 | Swamp:3  | Got a translucent copper ring {god gift}
 26035 | Swamp:3  | Identified the ring "Dudeerux" {rPois Int+4 Slay+1 SInv Stlth-} (Xom gifted it to you on level 3 of the Swamp)
 26355 | Swamp:3  | XOM: give mutation
 26355 | Swamp:3  | Gained mutation: You have a pair of large horns on your head. [Xom's grace]
 26754 | Swamp:4  | Entered Level 4 of the Swamp
 26788 | Swamp:4  | Gained mutation: Your system is resistant to poisons. (rPois) [evolution]
 26913 | Swamp:4  | XOM: enchant monster (good)
 26917 | Swamp:4  | XOM: enchant monster (good)
 27084 | Swamp:4  | XOM: medium Divn miscast
 27105 | Swamp:4  | Noticed a tentacled monstrosity
 27107 | Swamp:4  | XOM: summons friendly crimson imp
 27112 | Swamp:4  | XOM: divination: magic mapping
 27114 | Swamp:4  | XOM: enchant monster (good)
 27115 | Swamp:4  | XOM: summons 2 friendly demons
 27116 | Swamp:4  | Killed a tentacled monstrosity
 27117 | Swamp:4  | XOM: divine lightning (protected)
 27155 | Swamp:4  | XOM: harmless Hex miscast
 27165 | Swamp:4  | XOM: divination: magic mapping
 27170 | Swamp:4  | XOM: confusion
 27176 | Swamp:4  | XOM: enchant monster (bad)
 27182 | Swamp:4  | Noticed a thorn hunter
 27207 | Swamp:3  | XOM: give mutations
 27207 | Swamp:3  | Lost mutation: You have razor-sharp toenails. [Xom's mischief]
 27207 | Swamp:3  | Lost mutation: You evolve. [Xom's mischief]
 27207 | Swamp:3  | Lost mutation: You have sharp toenails. [Xom's mischief]
 27207 | Swamp:3  | Gained mutation: You have supernaturally acute eyesight. (SInv) [Xom's mischief]
 27455 | Swamp:3  | XOM: cloud trail
 27480 | Swamp:4  | XOM: summons 5 friendly demons
 27481 | Swamp:4  | XOM: cast spell 'Call Canine Familiar'
 27484 | Swamp:4  | XOM: harmless Pois miscast
 27489 | Swamp:4  | Killed a thorn hunter
 27560 | Swamp:4  | XOM: cast spell 'Spider Form'
 27677 | Swamp:4  | Noticed a thorn hunter
 27680 | Swamp:4  | Noticed a thorn hunter
 27682 | Swamp:4  | XOM: harmless Necr miscast
 27684 | Swamp:4  | Killed a thorn hunter
 27692 | Swamp:4  | Killed a thorn hunter
 27736 | Swamp:4  | XOM: divination: detect items
 27865 | Swamp:4  | Got a decaying rune of Zot
 27965 | Swamp:4  | XOM: cast spell 'Hydra Form'
 28097 | Swamp:4  | XOM: divination: detect creatures
 28186 | Swamp:4  | XOM: divination: magic mapping
 28193 | Swamp:4  | XOM: cast spell 'Ice Form'
 28274 | Swamp:4  | XOM: mild Summ miscast
 28448 | Swamp:4  | XOM: confuse monster(s)
 28456 | Swamp:4  | XOM: potion effect (might)
 28533 | Swamp:4  | Noticed Jorgrun
 28535 | Swamp:4  | Found a sparkling altar of Nemelex Xobeh.
 28536 | Swamp:4  | XOM: confuse monster(s)
 28538 | Swamp:4  | XOM: enchant monster (good)
 28543 | Swamp:4  | Killed Jorgrun
 28543 | Swamp:4  | Reached XP level 17. HP: 159/159 MP: 16/16
 28825 | Swamp:4  | XOM: god gift: knobbly jewelled staff {god gift}
 28984 | Swamp:1  | XOM: potion effect (invisibility)
 29033 | Snake:1  | Entered Level 1 of the Snake Pit
 29066 | Snake:1  | Found a flickering gateway to a bazaar.
 29075 | Bazaar   | Entered a bazaar
 29089 | Bazaar   | Found Isazom's Gadget Shop.
 29135 | Bazaar   | Found Huasuur's Gadget Shop.
 29178 | Bazaar   | Found Ruroc's Distillery.
 29182 | Bazaar   | XOM: noise
 29203 | Bazaar   | Found Plog's Distillery.
 29206 | Bazaar   | XOM: give mutations
 29206 | Bazaar   | Lost mutation: Your system is resistant to poisons. (rPois) [Xom's mischief]
 29206 | Bazaar   | Gained mutation: You are frail. (-10% HP) [Xom's mischief]
 29252 | Snake:1  | Got a translucent lead ring
 29299 | Snake:1  | XOM: harmless Pois miscast
 29381 | Snake:1  | Noticed Roxanne
 29381 | Snake:1  | XOM: confuse monster(s)
 29393 | Snake:1  | XOM: divination: detect items
 29399 | Snake:1  | XOM: harmless Necr miscast
 29401 | Snake:1  | XOM: noise
 29408 | Snake:1  | Killed Roxanne
 29409 | Snake:1  | Identified Roxanne's Guide on the Rocks (You took it off Roxanne on level 1 of the Snake Pit)
 29443 | Snake:1  | XOM: harmless Air miscast
 29770 | Snake:1  | XOM: harmless Ice miscast
 29803 | Snake:1  | Found a radiant altar of Vehumet.
 30017 | Snake:1  | XOM: god gift: runed scale mail {god gift}
 30141 | Snake:1  | Found Qenu's Jewellery Emporium.
 30148 | Snake:1  | Found Noeduan's Gadget Shop.
 30149 | Snake:1  | Found Jaifoleamm's Jewellery Emporium.
 30156 | Snake:1  | Bought the amulet "Umiorerph" {+Rage Int+6 Slay+5} for 1450 gold pieces
 30772 | Snake:1  | XOM: god gift: scroll of enchant weapon
 30995 | Snake:2  | XOM: enchant monster (bad)
 31184 | Snake:2  | XOM: cloud trail
 31228 | Snake:2  | Found Zexij's Weapon Shop.
 31249 | Snake:2  | XOM: enchant monster (good)
 31397 | Snake:2  | XOM: summons 2 hostile demons
 31476 | Snake:2  | Reached skill level 17 in Fighting
 31476 | Snake:2  | Reached skill level 15 in Dodging
 31636 | Snake:2  | XOM: polymorph naga -> human
 31871 | Snake:2  | XOM: 2-stop teleportation journey
 32036 | Snake:3  | XOM: confusion (+ monsters)
 32411 | Snake:3  | XOM: harmless Necr miscast
 32796 | Snake:3  | XOM: silly message
 32808 | Snake:3  | XOM: chaos cloud
 32812 | Snake:3  | XOM: snakes to sticks
 32885 | Snake:3  | Reached skill level 15 in Armour
 32955 | Snake:3  | XOM: noise
 32965 | Snake:3  | XOM: harmless Ice miscast
 32982 | Snake:3  | XOM: confuse monster(s)
 33365 | Snake:3  | XOM: harmless Divn miscast
 33535 | Snake:3  | XOM: god gift: wand of disintegration {god gift}
 33642 | Snake:4  | Entered Level 4 of the Snake Pit
 33655 | Snake:4  | XOM: fake destruction
 33656 | Snake:4  | XOM: fake destruction
 33661 | Snake:3  | Reached skill level 18 in Fighting
 34116 | Snake:4  | Noticed Aizul
 34125 | Snake:4  | Killed Aizul
 34180 | Snake:4  | Reached XP level 18. HP: 155/155 MP: 17/17
 34267 | Snake:4  | XOM: give mutations
 34267 | Snake:4  | Gained mutation: You possess an exceptional clarity of mind. [Xom's grace]
 34267 | Snake:4  | Gained mutation: Your spells are harder to cast, but more powerful. [Xom's grace]
 34267 | Snake:4  | Gained mutation: You are somewhat resistant to further mutation. [Xom's grace]
 34439 | Snake:4  | XOM: harmless Conj miscast
 34613 | Snake:4  | XOM: harmless Air miscast
 34655 | Snake:4  | XOM: cloud trail
 34665 | Snake:4  | XOM: potion effect (might)
 34781 | Snake:4  | Reached skill level 19 in Fighting
 34804 | Snake:4  | XOM: potion effect (berserk rage)
 34806 | Snake:4  | XOM: potion effect (brilliance)
 34810 | Snake:4  | XOM: silly message
 34840 | Snake:4  | HP: 7/158 [naga sharpshooter/bolt (21)]
 34841 | Snake:4  | HP: 1/158 [naga sharpshooter/bolt (6)]
 34847 | Snake:4  | XOM: smoke on damage
 35238 | Snake:4  | XOM: cleaving
 35244 | Snake:4  | XOM: summons 2 friendly demons
 35477 | Snake:4  | XOM: scenery: 1 doors open, 4 doors close
 35479 | Snake:4  | XOM: summons 2 friendly demons
 35514 | Snake:3  | XOM: give mutation
 35514 | Snake:3  | Gained mutation: You have an increased reservoir of magic. (+10% MP) [Xom's grace]
 35664 | Snake:3  | XOM: mild Necr miscast
 35907 | Snake:4  | XOM: divination: detect creatures
 35917 | Snake:4  | XOM: potion effect (curing)
 35922 | Snake:4  | Reached skill level 20 in Fighting
 35922 | Snake:4  | XOM: confuse monster(s)
 35944 | Snake:4  | XOM: scenery: create altars
 35954 | Snake:4  | XOM: harmless Divn miscast
 35975 | Snake:4  | XOM: noise
 35980 | Snake:4  | XOM: noise
 36239 | Snake:4  | XOM: scenery: create altars
 36465 | Snake:4  | XOM: god gift: pair of boots {god gift}
 36513 | Snake:4  | XOM: confuse monster(s)
 36778 | Snake:4  | Reached skill level 21 in Fighting
 36918 | Snake:4  | Got a serpentine rune of Zot
 37304 | D:13     | Found Qetill's Jewellery Shop.
 37444 | D:13     | Found a labyrinth entrance.
 37453 | Lab      | Entered a labyrinth
 37467 | Lab      | XOM: scenery: create altars
 37582 | Lab      | XOM: give mutations
 37582 | Lab      | Gained mutation: Your flesh is heat resistant. (rF+) [Xom's grace]
 37582 | Lab      | Gained mutation: You have sharp toenails. [Xom's grace]
 37582 | Lab      | Gained mutation: You have a considerably increased reservoir of magic. (+20% MP) [Xom's grace]
 37643 | Lab      | Found a shimmering altar of Xom.
 38055 | D:13     | Identified the ring of Izxuloitt {rF+ rC+ AC+6} (You found it on level 1 of the Snake Pit)
 38318 | D:13     | XOM: cloud trail
 38421 | D:13     | Noticed Sonja
 38428 | D:13     | Killed Sonja
 38567 | D:13     | XOM: noise
 38749 | D:14     | XOM: cloud trail
 38756 | D:14     | XOM: noise
 39027 | D:14     | Found a basalt altar of Yredelemnul.
 39031 | D:14     | XOM: harmless Summ miscast
 39122 | D:14     | XOM: potion effect (brilliance)
 39133 | D:14     | XOM: divination: detect items
 39375 | D:14     | Found a gate to the Vaults.
 39382 | Vaults:1 | Entered Level 1 of the Vaults
 39383 | Vaults:1 | Found Syarrot's Magic Scroll Shop.
 39406 | Vaults:1 | Bought a scroll of identify for 34 gold pieces
 39406 | Vaults:1 | Bought a scroll of identify for 34 gold pieces
 39406 | Vaults:1 | Bought a scroll of identify for 34 gold pieces
 39406 | Vaults:1 | Bought a scroll of teleportation for 51 gold pieces
 39406 | Vaults:1 | Bought a scroll of teleportation for 51 gold pieces
 39406 | Vaults:1 | Bought a scroll of teleportation for 51 gold pieces
 39406 | Vaults:1 | Bought a scroll of identify for 34 gold pieces
 39406 | Vaults:1 | Bought a scroll of identify for 34 gold pieces
 39406 | Vaults:1 | Bought a scroll of magic mapping for 59 gold pieces
 39406 | Vaults:1 | Bought a scroll of teleportation for 51 gold pieces
 39498 | Vaults:1 | XOM: divination: magic mapping
 39535 | Vaults:1 | Reached XP level 19. HP: 171/171 MP: 21/21
 39629 | Vaults:1 | Reached skill level 22 in Fighting
 39882 | Vaults:1 | XOM: mild Tmut miscast
 40601 | Vaults:1 | XOM: mild Fire miscast
 40680 | Vaults:1 | Reached skill level 23 in Fighting
 41173 | Vaults:1 | XOM: divination: detect creatures
 41174 | Vaults:1 | XOM: potion effect (might)
 41177 | Vaults:1 | XOM: give mutations
 41177 | Vaults:1 | Lost mutation: Your flesh is heat resistant. (rF+) [Xom's mischief]
 41177 | Vaults:1 | Lost mutation: You possess an exceptional clarity of mind. [Xom's mischief]
 41521 | Vaults:2 | XOM: 7-stop teleportation journey
 41522 | Vaults:2 | Noticed Margery
 41526 | Vaults:2 | Noticed Frederick
 41534 | Vaults:2 | Killed Margery
 41545 | Vaults:2 | Reached skill level 24 in Fighting
 41548 | Vaults:2 | XOM: butterfly on damage
 41574 | Vaults:2 | Killed Frederick
 41582 | Vaults:2 | XOM: polymorph mottled dragon -> troll
 41828 | Vaults:2 | XOM: 1-stop teleportation journey
 42034 | Vaults:2 | XOM: summons 1 hostile demon
 42123 | Vaults:2 | XOM: swap monsters
 42435 | Vaults:2 | Reached XP level 20. HP: 177/188 MP: 23/23
 42640 | Vaults:2 | Found a staircase to the Crypt.
 42640 | Vaults:2 | Found an ancient bone altar of Kikubaaqudgha.
 42641 | Vaults:2 | Found a basalt altar of Yredelemnul.
 42680 | Vaults:2 | XOM: confuse monster(s)
 42696 | Vaults:2 | XOM: confusion (+ monsters)
 42698 | Vaults:2 | XOM: summons friendly quasit
 42766 | Vaults:2 | XOM: scenery: create altars
 42768 | Vaults:2 | XOM: polymorph ironheart preserver -> entropy weaver
 42876 | Vaults:2 | XOM: god gift: 15 stones
 43548 | Vaults:3 | XOM: scenery: 1 doors open
 43659 | Vaults:3 | Found Teycvy's Antique Weapon Shop.
 43727 | Vaults:3 | Found Hioqih's Weapon Shop.
 43777 | Vaults:3 | XOM: scenery: 3 doors close
 43822 | Vaults:3 | Found a ruined gateway.
 43831 | Desolati | Entered the Desolation of Salt
 43860 | Desolati | XOM: summons 4 hostile shadow creatures
 43865 | Desolati | XOM: smoke on damage
 44260 | Vaults:3 | Found Wogiusez's Food Emporium.
 44262 | Vaults:3 | Reached skill level 25 in Fighting
 44312 | Vaults:3 | XOM: enchant monster (good)
 44369 | Vaults:3 | XOM: scenery: 2 doors close
 44373 | Vaults:3 | XOM: medium Tloc miscast
 44520 | Vaults:3 | XOM: mild Erth miscast
 44632 | Vaults:3 | XOM: harmless Pois miscast
 44698 | Vaults:3 | Found Uhofi's Jewellery Boutique.
 44728 | Vaults:3 | XOM: noise
 44901 | Vaults:3 | XOM: scenery: 3 doors close
 44956 | Vaults:3 | XOM: summons friendly quasit
 45102 | Vaults:4 | XOM: scenery: 1 doors close
 45110 | Vaults:4 | XOM: cast spell 'Disjunction'
 45554 | Vaults:4 | XOM: give mutations
 45554 | Vaults:4 | Gained mutation: You are somewhat resistant to both further mutation and mutation removal. [Xom's grace]
 45554 | Vaults:4 | Gained mutation: You passively map the area around you. [Xom's grace]
 45554 | Vaults:4 | Gained mutation: Your system is resistant to poisons. (rPois) [Xom's grace]
 45554 | Vaults:4 | Lost mutation: You are somewhat resistant to both further mutation and mutation removal. [Xom's grace]
 45554 | Vaults:4 | Lost mutation: You are somewhat resistant to further mutation. [Xom's grace]
 45554 | Vaults:4 | Gained mutation: You evolve. [Xom's grace]
 45586 | Vaults:4 | XOM: summons 4 friendly demons
 45893 | Vaults:4 | XOM: scenery: 1 doors open, 1 doors close
 45952 | Vaults:4 | XOM: summons friendly white imp
 46190 | Vaults:4 | XOM: cast spell 'Dragon Form'
 46192 | Vaults:4 | XOM: chaos cloud
 46202 | Vaults:4 | XOM: give mutations
 46202 | Vaults:4 | Lost mutation: You are partially covered in iridescent scales. (AC +2) [Xom's mischief]
 46202 | Vaults:4 | Lost mutation: Your spells are harder to cast, but more powerful. [Xom's mischief]
 46202 | Vaults:4 | Lost mutation: You are frail. (-10% HP) [Xom's mischief]
 46202 | Vaults:4 | Lost mutation: You have supernaturally acute eyesight. (SInv) [Xom's mischief]
 46435 | Vaults:4 | XOM: blink monster(s)
 46455 | Vaults:4 | XOM: chaos cloud
 46595 | Vaults:4 | XOM: 1-stop teleportation journey
 46597 | Vaults:4 | Reached XP level 21. HP: 210/218 MP: 24/24
 46597 | Vaults:4 | XOM: swap monsters
 46655 | Vaults:4 | XOM: medium Air miscast
 46904 | Vaults:4 | Found Wifeuxi's Weapon Shop.
 46911 | Vaults:4 | XOM: enchant monster (good)
 47361 | Vaults:5 | XOM: stealth player
 47361 | Vaults:5 | Entered Level 5 of the Vaults
 47373 | Vaults:5 | XOM: polymorph vault warden -> stone giant
 47380 | Vaults:5 | XOM: divine lightning (protected)
 47382 | Vaults:5 | XOM: enchant monster (bad)
 47383 | Vaults:5 | XOM: swap monsters
 47385 | Vaults:5 | XOM: enchant monster (good)
 47455 | Vaults:4 | Gained mutation: You are dopey. (Int -2) [evolution]
 47559 | Vaults:4 | XOM: harmless Erth miscast
 47710 | Vaults:5 | Reached skill level 26 in Fighting
 47996 | Vaults:5 | XOM: summons 2 friendly demons
 48085 | Vaults:5 | XOM: harmless Erth miscast
 48108 | Vaults:5 | Got a silver rune of Zot
 48125 | Vaults:5 | Noticed an ancient lich
 48125 | Vaults:5 | XOM: polymorph yaktaur captain -> dire elephant
 48144 | Vaults:5 | Killed an ancient lich
 48149 | Vaults:5 | XOM: harmless Summ miscast
 48161 | Vaults:5 | XOM: 2-stop teleportation journey
 48165 | Vaults:5 | XOM: medium Erth miscast
 48170 | Vaults:5 | XOM: mild Chrm miscast
 48231 | Vaults:5 | Reached XP level 22. HP: 125/231 MP: 25/25
 48454 | Vaults:5 | XOM: medium Tloc miscast
 48478 | Vaults:5 | Noticed Xtahua
 48484 | Vaults:5 | Killed Xtahua
 48633 | Vaults:5 | Noticed a golden dragon
 48636 | Vaults:5 | XOM: enchant monster (bad)
 48641 | Vaults:5 | Killed a golden dragon
 48642 | Vaults:5 | XOM: enchant monster (good)
 48643 | Vaults:5 | XOM: divine lightning
 48647 | Vaults:5 | XOM: fog
 48658 | Vaults:5 | Noticed an ancient lich
 48674 | Vaults:5 | Killed an ancient lich
 48676 | Vaults:5 | XOM: cleaving
 48678 | Vaults:5 | XOM: fake destruction
 48725 | Vaults:5 | XOM: god gift: wand of teleportation {god gift}
 48738 | Vaults:5 | XOM: scenery: create altars
 48755 | Vaults:5 | XOM: 9-stop teleportation journey
 48985 | Vaults:5 | Identified a scroll of acquirement
 49074 | Vaults:5 | Got an iridescent broad axe
 49075 | Vaults:5 | Identified the +11 broad axe "Iffegoum" {venom, rPois Int+4} (You acquired it on level 5 of the Vaults)
 49219 | Vaults:5 | Noticed a golden dragon
 49219 | Vaults:5 | XOM: cleaving
 49224 | Vaults:5 | Killed a golden dragon
 49249 | Vaults:5 | Found Hiozob's Magic Scroll Boutique.
 49290 | Vaults:5 | Bought a scroll of fog for 42 gold pieces
 49290 | Vaults:5 | Bought a scroll of blinking for 157 gold pieces
 49290 | Vaults:5 | Bought a scroll of teleportation for 63 gold pieces
 49290 | Vaults:5 | Bought a scroll of blinking for 157 gold pieces
 49420 | Vaults:5 | Found Woatwaat's Food Shoppe.
 49430 | Vaults:5 | Bought a bread ration for 60 gold pieces
 49430 | Vaults:5 | Bought a bread ration for 60 gold pieces
 49430 | Vaults:5 | Bought a beef jerky for 18 gold pieces
 49430 | Vaults:5 | Bought a bread ration for 60 gold pieces
 49430 | Vaults:5 | Bought a bread ration for 60 gold pieces
 49430 | Vaults:5 | Bought a meat ration for 60 gold pieces
 49430 | Vaults:5 | Bought a meat ration for 60 gold pieces
 49430 | Vaults:5 | Bought 3 fruits for 54 gold pieces
 49430 | Vaults:5 | Bought a bread ration for 60 gold pieces
 49430 | Vaults:5 | Bought a beef jerky for 18 gold pieces
 49439 | Vaults:5 | Found Efuabad's Food Shop.
 49459 | Vaults:5 | Bought a meat ration for 65 gold pieces
 49459 | Vaults:5 | Bought a bread ration for 65 gold pieces
 49459 | Vaults:5 | Bought 3 fruits for 58 gold pieces
 49459 | Vaults:5 | Bought a bread ration for 65 gold pieces
 49459 | Vaults:5 | Bought a slice of pizza for 19 gold pieces
 49459 | Vaults:5 | Bought a beef jerky for 19 gold pieces
 49459 | Vaults:5 | Bought a bread ration for 65 gold pieces
 49459 | Vaults:5 | Bought a bread ration for 65 gold pieces
 49459 | Vaults:5 | Bought a meat ration for 65 gold pieces
 49459 | Vaults:5 | Bought a bread ration for 65 gold pieces
 49472 | Vaults:5 | XOM: god gift: gnarled smoking staff {god gift}
 49484 | Vaults:5 | XOM: god gift: potion of lignification
 50138 | Vaults:5 | XOM: divination: magic mapping
 50308 | Vaults:1 | XOM: cloud trail
 50476 | D:14     | Reached skill level 27 in Fighting
 50505 | D:14     | XOM is BORED!
 50505 | D:14     | XOM: summons 4 hostile shadow creatures
 50626 | D:14     | XOM: harmless Tloc miscast
 50938 | D:15     | Entered Level 15 of the Dungeon
 51003 | D:15     | XOM: noise
 51344 | D:15     | XOM: mild Tmut miscast
 51346 | D:15     | Found a staircase to the Depths.
 51356 | Depths:1 | Entered Level 1 of the Depths
 51376 | Depths:1 | Found a corrupted altar of Lugonu.
 51376 | Depths:1 | Found a one-way gate to the infinite horrors of the Abyss.
 51414 | Depths:1 | Reached skill level 1 in Evocations
 51575 | Depths:1 | Found a one-way gate leading to the halls of Pandemonium.
 51622 | Depths:1 | Found Cenean's General Store.
 51774 | Depths:1 | Found Uretto's Antique Armour Shoppe.
 51787 | Depths:1 | Bought a pair of embroidered gloves for 420 gold pieces
 51795 | Depths:1 | XOM: harmless Tloc miscast
 51942 | Depths:1 | Found Liocho's Antique Weapon Boutique.
 51943 | Depths:1 | Found Jidghad's Antique Armour Emporium.
 52041 | Depths:1 | Found Efeo's Assorted Antiques.
 52136 | Depths:1 | Found a gateway to Hell.
 52167 | Depths:1 | XOM: divination: detect items
 52256 | Depths:1 | XOM: scenery: create altars
 52390 | Depths:2 | Reached XP level 23. HP: 240/240 MP: 28/28
 52433 | Depths:2 | Found a snail-covered altar of Cheibriados.
 52558 | Depths:2 | XOM: noise
 52601 | Depths:2 | XOM: enchant monster (good)
 52667 | Depths:2 | XOM: destruction
 52765 | Depths:2 | XOM: divination: detect items
 52781 | Depths:2 | XOM: noise
 52894 | Depths:2 | XOM: potion effect (berserk rage)
 53351 | Depths:3 | XOM: scenery: 1 doors open, 1 doors close
 53789 | Depths:3 | Paralysed by a great orb of eyes for 7 turns
 53817 | Depths:3 | XOM: cast spell 'Dispersal'
 53837 | Depths:3 | XOM: enchant monster (good)
 53865 | Depths:3 | Noticed a curse toe
 53865 | Depths:3 | a small abomination changed into a curse toe
 53865 | Depths:3 | XOM: polymorph small abomination -> curse toe
 53866 | Depths:3 | XOM: destruction
 53868 | Depths:3 | Paralysed by a floating eye for 3 turns
 53869 | Depths:3 | XOM: destruction
 53872 | Depths:3 | XOM: polymorph ice dragon -> great orb of eyes
 53883 | Depths:3 | Demolished by an ettin

Skill      XL: |  1  2  3  4  5  6  7  8  9 10 11 12 13 14 15 16 17 18 19 20 21 22 23 |
---------------+----------------------------------------------------------------------+-----
Axes           | 4 5 6 8 9 11 13 14 15 16 19 22 | 22.3
Fighting       | 7 10 13 14 15 16 18 21 24 25 26 27 | 27.0
Armour         | 5 7 9 10 11 12 13 15 16 | 16.3
Dodging        | 4 6 8 11 12 13 14 15 18 21 23 | 23.6
Stealth        | 2 4 6 |  6.4
Evocations     | 2 4 |  4.8

Action                   |  1- 3 |  4- 6 |  7- 9 | 10-12 | 13-15 | 16-18 | 19-21 | 22-24 || total
-------------------------+-------+-------+-------+-------+-------+-------+-------+-------++-------
Melee: Hand axe          |   102 |   132 |   272 |   468 |       |       |       |       ||   974
       Headbutt          |    12 |    14 |    67 |   174 |   203 |   321 |   305 |   211 ||  1307
       Peck              |       |       |       |    60 |   169 |   321 |   252 |   169 ||   971
       War axe           |       |       |       |   103 |    91 |       |       |       ||   194
       Battleaxe         |       |       |       |       |   509 |   999 |   785 |    79 ||  2372
       Unarmed           |       |       |       |       |       |     3 |    28 |       ||    31
       Tailslap          |       |       |       |       |       |       |     5 |       ||     5
       Bite              |       |       |       |       |       |       |     5 |       ||     5
       Broad axe         |       |       |       |       |       |       |       |   432 ||   432
 Abil: Blink             |       |       |       |       |       |     3 |       |       ||     3
       Evoke Berserk Rag |       |       |       |       |       |     1 |       |     1 ||     2
       Evoke Flight      |       |       |       |       |       |     1 |       |       ||     1
  Use: Scroll            |     2 |    10 |    14 |     9 |    13 |    10 |     8 |     9 ||    75
       Potion            |       |       |     1 |     4 |     3 |     1 |     1 |       ||    10
 Stab: Confused          |       |       |     1 |     1 |    10 |     7 |     9 |       ||    28
       Invisible         |       |       |     1 |       |       |       |       |       ||     1
       Petrifying        |       |       |       |     1 |       |     1 |       |     1 ||     3
       Distracted        |       |       |       |     1 |     6 |     6 |     8 |     4 ||    25
       Sleeping          |       |       |       |       |    12 |     6 |     8 |     4 ||    30
       Paralysed         |       |       |       |       |     1 |     2 |     1 |       ||     4
       Petrified         |       |       |       |       |     2 |     1 |       |       ||     3
  Eat: Chunk             |     3 |     5 |    10 |    23 |    19 |    15 |    17 |     5 ||    97
       Meat ration       |       |       |     1 |       |     2 |     4 |     1 |       ||     8
       Royal jelly       |       |       |       |     1 |       |       |     1 |     4 ||     6
       Fruit             |       |       |       |       |     3 |       |       |     4 ||     7
       Beef jerky        |       |       |       |       |       |     9 |     1 |       ||    10
       Pizza             |       |       |       |       |       |     2 |     1 |     1 ||     4
Armor: Leather armour    |    17 |    34 |       |       |       |       |       |       ||    51
       Scale mail        |       |     9 |    98 |   191 |   136 |   264 |   174 |   107 ||   979
       Skin              |       |       |       |       |       |     1 |     5 |       ||     6
Dodge: Dodged            |    80 |    59 |    98 |   360 |   521 |  1164 |   848 |   523 ||  3653
